 Dungeon Crawl Stone Soup version 0.30-a0-292-g0f741e3f8e (webtiles) character file.

Game seed: 16342273978737840839

184 themarg the Trooper (level 5, -4/50 HPs)
             Began as a Hill Orc Monk on Oct 18, 2022.
             Was a Priest of the Shining One.
             Slain by Crazy Yiuf
             ... wielding a +2 quarterstaff of chaos
              (11 damage)
             ... on level 3 of the Dungeon.
             The game lasted 00:07:30 (2786 turns).

themarg the Trooper (Hill Orc Monk)                 Turns: 2786, Time: 00:07:31

Health: -4/50      AC:  2    Str: 16    XL:     5   Next: 64%
Magic:  8/8        EV: 12    Int: 10    God:    the Shining One [***...]
Gold:   119        SH:  0    Dex: 13    Spells: 4/4 levels left

rFire   . . .      SeeInvis .    a - +0 hand axe
rCold   . . .      Faith    +    (no shield)
rNeg    + . .      Spirit   .    b - +0 robe
rPois   .          Reflect  .    (no helmet)
rElec   .          Harm     .    (no cloak)
rCorr   .          Rampage  .    (no gloves)
Will    +....                    (no boots)
Stlth   +.........               f - amulet of faith
HPRegen 0.28/turn                r - ring of willpower
MPRegen 0.11/turn                (no ring)

@: glowing
A: no striking features
a: Renounce Religion, Divine Shield, Cleansing Flame


You were on level 3 of the Dungeon.
You worshipped the Shining One.
The Shining One was most pleased with you.
You visited 1 branch of the dungeon, and saw 3 of its levels.

You collected 119 gold pieces.

Inventory:

Hand Weapons
 a - a +0 hand axe (weapon)
Missiles
 e - 14 stones (quivered)
Armour
 b - a +0 robe (worn)
 i - a +0 plate armour
Jewellery
 f - an amulet of faith (around neck)
 r - a ring of willpower (left hand)
Scrolls
 g - 2 scrolls of identify {unknown}
 j - a scroll of enchant weapon {unknown}
 k - a scroll of torment {unknown}
 l - a scroll of teleportation {unknown}
 m - a scroll of fog {unknown}
 q - 3 scrolls of magic mapping {unknown}
Potions
 c - a potion of attraction {unknown}
 d - 2 potions of curing
 h - a potion of flight {unknown}
 n - 2 potions of lignification {unknown}
 o - 2 potions of brilliance {unknown}
 p - 2 potions of mutation {unknown}
 s - a potion of magic {unknown}
 t - a potion of resistance {unknown}
 u - 2 potions of haste {unknown}
 v - a potion of ambrosia


   Skills:
 + Level 5.8 Fighting
 - Level 4.0 Axes
 - Level 2.4 Dodging
 - Level 2.3 Stealth
 + Level 4.0 Invocations


You had 4 spell levels left.
You didn't know any spells.
Your spell library contained the following spells:

 Spells                   Type           Power      Damage    Failure   Level
 Foxfire                  Conj/Fire      0%         2x1d4     36%         1
 Scorch                   Fire           0%         2d5       50%         2
 Static Discharge         Conj/Air       0%         2-2/arc   50%         2
 Hailstorm                Conj/Ice       0%         3d3       75%         3
 Vhi's Electric Charge    Tloc/Air       0%         N/A       75%         3
 Arcjolt                  Conj/Air       0%         1d10      100%        5
 Lightning Bolt           Conj/Air       0%         1d11      100%        5


Dungeon Overview and Level Annotations

Branches:
Dungeon (3/15)

Altars:
Dithmenos
Wu Jian
The Shining One

Shops:
D:3 *

Annotations:
D:3 Crazy Yiuf


Message History

Crazy Yiuf cries, "Hack mobile pizzabubble!"
Found a stone staircase leading down.
u - 2 bubbling cyan potions (gained 1)
Found a stone staircase leading down.
You now have 119 gold pieces (gained 10).
You open the door.
Found an ornate altar of the Wu Jian Council and a shadowy altar of Dithmenos.
There is an open door here.
There is an open door here.
You see here a +0 hand axe.
You see here a +0 short sword.
Crazy Yiuf shouts!
You open the door. You hit Crazy Yiuf but do no damage.
Crazy Yiuf hits you with a +2 quarterstaff of chaos!
You hit Crazy Yiuf but do no damage.
Crazy Yiuf hits you with a +2 quarterstaff of chaos!
Crazy Yiuf freezes you.
You slash Crazy Yiuf!
Crazy Yiuf is heavily wounded.
Crazy Yiuf hits you with a +2 quarterstaff of chaos!
* * * LOW HITPOINT WARNING * * *
Crazy Yiuf burns you.
* * * LOW HITPOINT WARNING * * *
You barely miss Crazy Yiuf.
Crazy Yiuf is heavily wounded.
Crazy Yiuf barely misses you.
You slash Crazy Yiuf!
Crazy Yiuf is severely wounded.
Crazy Yiuf drinks a potion.
Crazy Yiuf is healed!
You hit Crazy Yiuf.
Crazy Yiuf is heavily wounded.
Crazy Yiuf completely misses you.
You hit Crazy Yiuf but do no damage.
Crazy Yiuf is heavily wounded.
Crazy Yiuf completely misses you.
You slash Crazy Yiuf!
Crazy Yiuf is almost dead.
Crazy Yiuf hits you with a +2 quarterstaff of chaos!
You die...

#..........#
#....)...#
#..........#
##....#.#..
#..........#
#..........
############
###.#...... ###......
♣♣♣♣♣## #..<... ###
♣♣♣.♣...###......
#...#♣..♣.PP..........
#...g@♣♣♣♣............
#)..#♣♣ ♣♣P.#.#......
### ♣♣##########


You could see Crazy Yiuf.

Vanquished Creatures
  An orc priest (D:3)
  Jessica (D:2)
  4 adders (D:2)
  3 worms (D:2)
  A dart slug (D:3)
  8 orcs (D:3)
  7 ball pythons
  5 endoplasms
  2 giant cockroaches (D:1)
  10 hobgoblins
  A kobold (D:2)
  4 quokkas (D:2)
  7 bats
  2 frilled lizards
  5 goblins
  13 rats
74 creatures vanquished.

Vanquished Creatures (others)
  2 fungi (D:1)
  4 plants (D:1)
6 creatures vanquished.

Grand Total: 80 creatures vanquished

Notes
Turn   | Place    | Note
-------+----------+-------------------------------------------
     0 | D:1      | themarg the Hill Orc Monk began the quest for the Orb.
     0 | D:1      | Reached XP level 1. HP: 19/19 MP: 1/1
   168 | D:1      | Reached XP level 2. HP: 27/27 MP: 2/2
   182 | D:1      | Reached skill level 4 in Fighting
   414 | D:1      | Found a faded altar of an unknown god.
   425 | D:1      | Prayed at the altar of an unknown god.
   425 | D:1      | Became a worshipper of the Shining One
   425 | D:1      | Reached * piety under the Shining One
   425 | D:1      | Reached ** piety under the Shining One
   477 | D:1      | Reached XP level 3. HP: 31/34 MP: 3/3
   811 | D:1      | Reached skill level 1 in Invocations
  1017 | D:2      | Reached *** piety under the Shining One
  1156 | D:2      | Got Kivoumm's Octavo of Conjuration and the Summer
  1187 | D:2      | Reached XP level 4. HP: 24/41 MP: 5/5
  1440 | D:2      | Reached skill level 5 in Fighting
  1499 | D:2      | Noticed Jessica
  1511 | D:2      | Killed Jessica
  1711 | D:2      | Reached XP level 5. HP: 39/48 MP: 7/7
  2436 | D:3      | Found Zeirgh's Assorted Antiques.
  2537 | D:3      | Found a runed translucent door.
  2538 | D:3      | Noticed Crazy Yiuf
  2678 | D:3      | Found an ornate altar of the Wu Jian Council.
  2678 | D:3      | Found a shadowy altar of Dithmenos.
  2786 | D:3      | Slain by Crazy Yiuf

Illustrated notes

Levels and vault maps discovered:
D:1:      dpeg_arrival_prison, layout_loops_ring,
          shapermc_ecumenical_altar_mp_urbaneastern
D:2:      layout_basic, nicolae_wormholes, uniq_jessica
D:3:      layout_rooms, gammafunk_temple_overflow_pools, serial_shops, shop,
          uniq_crazy_yiuf_cottage

Skill      XL: |  1  2  3  4  5 |
---------------+----------------+-----
Fighting       | 4 5 |  5.8
Stealth        | 2 |  2.3
Invocations    | 1 3 4 |  4.0
Axes           | |  4.0
Dodging        | |  2.4

Action                   |  1- 3 |  4- 6 || total
-------------------------+-------+-------++-------
Melee: Hand axe          |   145 |   108 ||   253
       Punch             |     1 |     1 ||     2
  Use: Potion            |     1 |       ||     1
 Stab: Sleeping          |     2 |       ||     2
Armor: Robe              |    30 |    14 ||    44
Dodge: Dodged            |    87 |    57 ||   144

Table legend: (Time is in decaauts)
 A = Elapsed time spent in this place.
 B = Non-inter-level travel time spent in this place.
 C = Inter-level travel time spent in this place.
 D = Time resting spent in this place.
 E = Time spent auto-exploring this place.
 F = Levels seen in this place.
 G = Mean time per level.
                   A        B        C        D        E       F      G
               +--------+--------+--------+--------+--------+-----+--------+
         Total |   2810 |   2775 |     35 |    265 |   1950 |   3 |  936.7 |
       Dungeon |   2810 |   2775 |     35 |    265 |   1950 |   3 |  936.7 |
               +--------+--------+--------+--------+--------+-----+--------+

Top non-repeatable levels by time:
     D:2: 1283 daAuts
     D:1: 959 daAuts
     D:3: 566 daAuts
